 Dungeon Crawl Stone Soup version 0.31.0-32-g396128a36d (webtiles) character file.

Game seed: 884390289291039216

246 Doomgape the Ruffian (level 5, -1/54 HPs)
             Began as a Troll Fighter on Mar 16, 2024.
             Was an Initiate of Trog.
             Slain by an ogre
             ... wielding a +0 giant spiked club
              (17 damage)
             ... on level 5 of the Dungeon.
             The game lasted 00:07:51 (2972 turns).

Doomgape the Ruffian (Troll Fighter)                Turns: 2972, Time: 00:07:51

Health: -1/54      AC:  0    Str: 26    XL:     5   Next: 84%
Magic:  4/4        EV:  9    Int:  4    God:    Trog [......]
Gold:   87         SH:  8    Dex:  9    Spells: 4/4 levels left

rFire   . .          .
                       - Unarmed
rCold   . . .        b - +1 kite shield
rNeg    + . .        a - +0 robe
rPois   .            (helmet restricted)
rElec   .            (no cloak)
rCorr   .            (gloves unavailable)
SInv    .            (boots unavailable)
Will    .....        (no amulet)
Stlth   +            d - ring of positive energy
HPRegen 1.09/turn    (no ring)
MPRegen 0.09/turn

%: no passive effects
@: mighty, weak-willed, corroded
A: large, unfitting armour, claws 3, regeneration 1, shaggy fur 1, tough skin 1
a: Renounce Religion


You were on level 5 of the Dungeon.
You worshipped Trog.
Trog was noncommittal.
You visited 2 branches of the dungeon, and saw 6 of its levels.

You collected 87 gold pieces.

Inventory:

Missiles
 l - a throwing net (quivered)
Armour
 a - a +0 robe (worn)
 b - a +1 kite shield (worn)
Jewellery
 d - a ring of positive energy (left claw)
 f - a +5 ring of evasion
 t - a ring of magical power
Scrolls
 g - 3 scrolls of identify
 i - 4 scrolls of enchant armour
 m - 3 scrolls of teleportation
 o - a scroll of immolation
 v - a scroll of fog
 w - a scroll of fear
Potions
 e - a potion of enlightenment
 h - a potion of haste {unknown}
 j - a potion of berserk rage {unknown}
 k - a potion of attraction {unknown}
 n - 2 potions of cancellation {unknown}
 p - a potion of brilliance {unknown}
 q - a potion of curing {unknown}
 s - a potion of ambrosia {unknown}
 u - a potion of lignification {unknown}


   Skills:
 + Level 3.6 Fighting
 + Level 3.6 Dodging
 - Level 3.0 Shields
 + Level 3.8 Unarmed Combat


You had 4 spell levels left.
You didn't know any spells.
Your spell library contained the following spells:

 Spells                   Type           Power      Damage    Failure   Level
 Kiss of Death            Conj/Necr      0%         2d5       75%         1
 Ensorcelled Hibernation  Hex/Ice        0%         N/A       87%         2
 Confusing Touch          Hex            0%         N/A       98%         3
 Fugue of the Fallen      Necr           0%         N/A       98%         3
 Anguish                  Hex/Necr       0%         N/A       100%        4
 Dispel Undead            Necr           0%         3d6       100%        4


Dungeon Overview and Level Annotations

Branches:
Dungeon (5/15)             Temple (1/1) D:4

Altars:
Ashenzari
Cheibriados
Elyvilon
Gozag
Makhleb
Nemelex Xobeh
Okawaru
Qazlal
Ru
Sif Muna
Trog
Uskayaw
Vehumet
Wu Jian
Xom
Yredelemnul
Zin
The Shining One

Shops:
D:4 ?   D:5 :

Annotations:
Temple 2 transporters


Innate Abilities, Weirdness & Mutations

You are too large for most types of armour.
You have claws for hands.
Your natural rate of healing is unusually fast.
You are covered in fur. (AC +1)
You have tough skin. (AC +1)


Message History

There is an open door here.
As you read the scroll labelled EMYITOSINI, it crumbles to dust.
A wave of despondency washes over your surroundings.
It was a scroll of vulnerability.
Found Ryzu's Self-Published Books.
Found a scroll of teleportation.
No target in view!
m - 3 scrolls of teleportation (gained 1)
An ogre comes into view. It is wielding a +0 giant spiked club.
The ogre shouts!
You aren't carrying any items that you can evoke.
An acid dragon comes into view.
The acid dragon moves out of view.
You barely miss the ogre.
The acid dragon roars!
The ogre barely misses you.
You claw the ogre!
The ogre is moderately wounded.
The ogre hits you with a +0 giant spiked club!
You scratch the ogre but do no damage.
The ogre is moderately wounded.
The acid dragon spits acid at you. The splash of acid hits you!!
The acid corrodes you! You block the ogre's attack.
You completely miss the ogre.
The ogre is moderately wounded.
The acid dragon barely misses you. The acid dragon claws you.
Unknown command.
You feel very mighty all of a sudden. The ogre closely misses you.
The acid dragon barely misses you. The acid dragon claws you.
* * * LOW HITPOINT WARNING * * *
Unknown command.
Okay, then.
Unknown command.
You barely miss the ogre.
The ogre is moderately wounded.
You block the acid dragon's attack. x2
The ogre hits you with a +0 giant spiked club!
You die...

# #...>.....##.#...#.#
..
+.........'........#
...
#.........###......#
.. ##........##
#.#.####
#.##..#.....## #.###
####....###...## #.#
........####+## #.#
.....##...##.#######.#
..∩. #.#.O@......##.#
... #.#.##D####.# ..
#...#.... .
#.........#
#.#.#.......
..#.#.....#.# ......
..... # ########.#####
#


You could see an acid dragon and an ogre.

Vanquished Creatures
  2 hounds (D:5)
  A jelly (D:3)
  7 adders
  2 dart slugs
  2 orcs
  8 endoplasms
  5 giant cockroaches
  5 goblins
  7 hobgoblins
  10 jackals
  3 quokkas
  12 ball pythons
  5 bats
  A frilled lizard (D:3)
  6 kobolds
  4 rats
80 creatures vanquished.

Notes
Turn   | Place    | Note
-------+----------+-------------------------------------------
     0 | D:1      | Doomgape the Troll Fighter began the quest for the Orb.
     0 | D:1      | Reached XP level 1. HP: 22/22 MP: 0/0
    82 | D:1      | Found a faded altar of an unknown god.
   678 | D:1      | Reached XP level 2. HP: 29/29 MP: 1/1
  1270 | D:2      | Reached XP level 3. HP: 32/36 MP: 2/2
  1738 | D:3      | Reached XP level 4. HP: 39/45 MP: 3/3
  1788 | D:3      | Found a hide-covered altar of Uskayaw.
  2019 | D:3      | Reached XP level 5. HP: 53/53 MP: 4/4
  2345 | D:4      | Found a staircase to the Ecumenical Temple.
  2395 | D:4      | Found Faijum's Magic Scroll Shoppe.
  2479 | Temple   | Found a transporter.
  2479 | Temple   | Found a transporter.
  2479 | Temple   | Found a transporter.
  2479 | Temple   | Found a transporter.
  2479 | Temple   | Entered the Ecumenical Temple
  2501 | Temple   | Became a worshipper of Trog the Wrathful
  2852 | D:5      | Entered Level 5 of the Dungeon
  2952 | D:5      | Found Ryzu's Self-Published Books.
  2960 | D:5      | Noticed an ogre
  2965 | D:5      | Noticed an acid dragon
  2972 | D:5      | Slain by an ogre

Illustrated notes

Levels and vault maps discovered:
D:1:      dpeg_arrival_water_temple_mockup, layout_basic,
          shapermc_ecumenical_altar_mp_ritualfount, corner_web_ring
D:2:      layout_rooms
D:3:      layout_loops_ring, lemuel_crystal_altar, minmay_shallow_snake_nest
D:4:      layout_cave_pools, minmay_temple_entry_sparse_star, serial_shops, shop
D:5:      layout_loops_corners, serial_shops, nicolae_shop_waterfront,
          nicolae_custom_books, uniq_grinder
Temple:   hellmonk_temple_divided_pantheon

Skill      XL: |  1  2  3  4 |
---------------+-------------+-----
Shields        | 3 |  3.0
Fighting       | 3 |  3.6
Dodging        | 3 |  3.6
Unarmed Combat | 3 |  3.8

Action                     |  1- 3 |  4- 6 || total
---------------------------+-------+-------++-------
  Melee: Unarmed           |   115 |   122 ||   237
    Use: Scroll            |     6 |     2 ||     8
         Potion            |       |     1 ||     1
   Stab: Sleeping          |     2 |     1 ||     3
 Armour: Robe              |    79 |    60 ||   139
  Dodge: Dodged            |    45 |    34 ||    79
  Block: Kite shield       |    63 |    48 ||   111
